 Dungeon Crawl Stone Soup version 0.30-a0-748-ge6a52f7cba (webtiles) character file.

Game seed: 17156854388548354827

7 retardedninja the Ducker (level 2, 0/23 HPs)
             Began as a Merfolk Gladiator on Feb 8, 2023.
             Slain by a goblin
             ... wielding a +0 dagger
              (2 damage)
             ... on level 1 of the Dungeon.
             The game lasted 00:00:24 (71 turns).

retardedninja the Ducker (Merfolk Gladiator)          Turns: 71, Time: 00:00:24

Health: 0/23       AC:  4    Str: 14    XL:     2   Next: 4%
Magic:  2/2        EV: 13    Int:  7    God:
Gold:   5          SH:  0    Dex: 15    Spells: 1/1 levels left

rFire   . . .      SeeInvis .    a - +0 trident
rCold   . . .      Faith    .    (no shield)
rNeg    . . .      Spirit   .    b - +0 leather armour
rPois   .          Reflect  .    c - +0 helmet
rElec   .          Harm     .    (no cloak)
rCorr   .          Rampage  .    (no gloves)
Will    .....                    (no boots)
Stlth   +                        (no amulet)
HPRegen 0.23/turn                (no ring)
MPRegen 0.08/turn                (no ring)

@: no status effects
A: (nimble swimmer 2), mertail
a: no special abilities


You were on level 1 of the Dungeon.
You visited 1 branch of the dungeon, and saw 1 of its levels.

You collected 5 gold pieces.

Inventory:

Hand Weapons
 a - a +0 trident (weapon)
Missiles
 d - a throwing net (quivered)
 e - a javelin
Armour
 b - a +0 leather armour (worn)
 c - a +0 helmet (worn)


   Skills:
 + Level 2.4 Fighting
 + Level 4.2 Polearms
 + Level 2.1 Throwing
 + Level 4.2 Dodging


You had one spell level left.
You didn't know any spells.
Your spell library was empty.

Dungeon Overview and Level Annotations

Branches:
Dungeon (1/15)

Altars:


Innate Abilities, Weirdness & Mutations

((You are very nimble when in or above water. (Stealth+, EV+, Speed+++)))
Your lower body shifts to a powerful aquatic tail in water.


Message History

The frilled lizard is heavily wounded.
The frilled lizard barely misses you. The goblin completely misses you.
The goblin misses you.
You closely miss the frilled lizard.
The frilled lizard is heavily wounded.
The goblin barely misses you. The goblin hits you but does no damage.
The frilled lizard misses you.
You barely miss the frilled lizard.
The frilled lizard is heavily wounded.
The goblin closely misses you. The goblin misses you.
The frilled lizard closely misses you.
You barely miss the frilled lizard.
The frilled lizard is heavily wounded.
The goblin closely misses you. x2; The frilled lizard misses you.
You are too injured to fight recklessly!
You hit the frilled lizard but do no damage.
The frilled lizard bites you but does no damage.
The goblin misses you. The goblin hits you but does no damage.
You closely miss the frilled lizard. The goblin hits you with a +0 club.
The frilled lizard bites you. The goblin closely misses you.
You barely miss the frilled lizard. The goblin closely misses you. x2
The frilled lizard misses you.
You miss the frilled lizard. The goblin hits you with a +0 club.
* * * LOW HITPOINT WARNING * * *
The goblin hits you with a +0 dagger.
* * * LOW HITPOINT WARNING * * *
The frilled lizard misses you.
You closely miss the frilled lizard. The goblin barely misses you.
The goblin closely misses you. The frilled lizard closely misses you.
The frilled lizard barely misses you. The goblin barely misses you.
The goblin hits you but does no damage.
Unknown command.
Unknown command.
You aren't carrying any potions.
You hit the frilled lizard.
You kill the frilled lizard!
The ball python bites you but does no damage.
The ball python closely misses you. The goblin closely misses you.
The goblin hits you with a +0 dagger.
You die...

........#... ###
........#..####.#
.........).....#
.....##..#(..##
#..#...#..##
#.....##..#
#.#...#...#
.#####.#...#..##
.......S@..#.#..#
.......gg..#.#...#
..........##∩##...#
........###...###.#
........#...~...#.#
........#.⌠.~.⌠.# #
........#...~...#
........#.♣.~.♣.#
#...~...#


You could see 2 goblins and a ball python.

Vanquished Creatures
  A dart slug (D:1)
  A goblin (D:1)
  A hobgoblin (D:1)
  2 frilled lizards (D:1)
  A kobold (D:1)
  A rat (D:1)
7 creatures vanquished.

Notes
Turn   | Place    | Note
-------+----------+-------------------------------------------
     0 | D:1      | retardedninja the Merfolk Gladiator began the quest for the
                  | Orb.
     0 | D:1      | Reached XP level 1. HP: 16/16 MP: 1/1
    61 | D:1      | Reached XP level 2. HP: 15/23 MP: 2/2
    69 | D:1      | HP: 1/23 [goblin/+0 dagger (3)]
    71 | D:1      | Slain by a goblin

Illustrated notes

Levels and vault maps discovered:
D:1:      mainiacjoe_arrival_reflecting_pool, layout_rooms,
          minmay_misc_feat_tiny

Action                     || total
---------------------------++-------
  Melee: Trident           ||    29
  Throw: Throwing net      ||     2
 Armour: Leather armour    ||     9
  Dodge: Dodged            ||    32

Table legend: (Time is in decaauts)
 A = Elapsed time spent in this place.
 B = Non-inter-level travel time spent in this place.
 C = Inter-level travel time spent in this place.
 D = Time resting spent in this place.
 E = Time spent auto-exploring this place.
 F = Levels seen in this place.
 G = Mean time per level.
                   A        B        C        D        E       F      G
               +--------+--------+--------+--------+--------+-----+--------+
         Total |     72 |     72 |      0 |      0 |     28 |   1 |   72.0 |
       Dungeon |     72 |     72 |      0 |      0 |     28 |   1 |   72.0 |
               +--------+--------+--------+--------+--------+-----+--------+

Top non-repeatable levels by time:
     D:1: 72 daAuts
